Map: Abiogenesis LE

Players

OmaMorkie - Winner!

  • Race: Zerg Zerg
  • League: Diamond
  • Spawn Location: 11:00

Dudu

  • Race: Protoss Protoss
  • League: Platinum
  • Spawn Location: 5:00

VOD

Have the link to the VOD?

Description

burrow builds forever

Time

  • Played on: Feb. 6, 2018, 2:41 p.m.
  • Length: 8:30
Show
View Real Time Build Order
Export as new Build Order

OmaMorkie Zerg - Winner!

Build Orders: Hatch First 

Get SALT Encoding   

  12  0:01  Drone  
  13  0:13  Overlord  
  13  0:17  Drone  
  14  0:32  Drone x2  
  14  0:35  Drone  
  17  0:55  Hatchery  
  17  0:56  Drone  
  17  1:00  Drone  
  17  1:04  Extractor  
  17  1:17  Spawning Pool  
  16  1:26  Drone x2  
  16  1:31  Drone  
  19  1:40  Drone  
  20  1:52  Overlord  
  20  2:05  Queen  
  20  2:07  Metabolic Boost, Queen  
  24  2:12  Zergling x2  
  24  2:14  Zergling x2  
  26  2:23  Evolution Chamber  
  26  2:24  Zergling x2  
  26  2:29  Drone x2  
  28  2:33  Drone  
  29  2:44  Burrow  
  29  2:51  Zergling x6  
  32  2:52  Zergling x2  
  32  2:57  Overlord  
  33  3:08  Drone  
  33  3:09  Drone  
  35  3:23  Drone x4  
  35  3:24  Drone x2  
  41  3:33  Roach Warren  
  40  3:35  Drone  
  40  3:36  Drone  
  42  3:54  Drone x3  
  44  3:56  Overlord  
  44  3:57  Lair  
  44  4:07  Overlord x3  
  43  4:13  Extractor x2  
  41  4:23  Drone x6  
  47  4:28  Zerg Ground Armor Level 1  
  47  4:40  Roach x2  
  47  4:54  Queen x2  
  50  5:07  Extractor  
  49  5:08  Drone  
  49  5:09  Drone x3  
  53  5:37  Nydus Network  
  53  5:38  Nydus Network  
  51  5:45  Hatchery  
  51  5:47  Roach x2  
  51  5:48  Roach x4  
  51  5:49  Overlord x2  
  63  5:52  Hatchery  
  62  6:05  Roach  
  62  6:06  Roach x5  
  74  6:16  Zergling x12  
  80  6:41  Nydus Canal  
  80  6:43  Nydus Canal  
  80  6:44  Roach  
  80  6:45  Roach x4, Zergling x4  
  80  6:46  Overlord  
  80  6:47  Overlord  
  91  7:02  Nydus Canal  
  91  7:11  Roach x4  
  94  7:25  Drone x10  
  94  7:26  Queen  
  104  7:42  Nydus Canal  
  100  7:47  Roach x6  
  100  7:48  Zergling x2  
  113  7:55  Extractor  
  113  7:56  Extractor  
  109  8:02  Drone x5  
  112  8:16  Evolution Chamber  
Show
View Real Time Build Order
Export as new Build Order

Dudu Protoss 

Build Orders: 1 Gate Expand, Zealot Archon 

Get SALT Encoding   

  12  0:01  Probe  
  13  0:13  Probe  
  14  0:20  Pylon  
  14  0:27  Probe  
  15  0:38  Gateway  
  15  0:41  Probe (Chrono Boost)  
  16  0:46  Assimilator  
  17  0:50  Probe (Chrono Boost)  
  17  0:55  Probe (Chrono Boost)  
  18  1:07  Probe  
  19  1:27  Nexus  
  19  1:35  Cybernetics Core  
  19  1:38  Probe  
  20  1:46  Assimilator  
  21  1:54  Probe  
  21  1:57  Pylon  
  21  2:06  Probe  
  22  2:13  Warp Gate  
  22  2:15  Adept  
  24  2:18  Probe  
  25  2:38  Twilight Council  
  25  2:40  Probe x2  
  27  2:47  Shield Battery  
  27  2:52  Probe x2  
  29  3:04  Probe x2  
  31  3:11  Resonating Glaives (Chrono Boost)  
  31  3:16  Probe x2  
  31  3:18  Adept  
  35  3:24  Robotics Facility  
  35  3:28  Probe x2  
  37  3:40  Probe x2  
  39  3:41  Pylon  
  39  3:48  Templar Archives  
  39  3:52  Probe  
  39  3:53  Probe  
  40  4:17  Observer (Chrono Boost)  
  41  4:19  Gateway  
  41  4:20  Gateway  
  41  4:24  Probe x2  
  43  4:30  Adept  
  30  4:47  Immortal  
  33  4:55  Adept  
  35  5:26  Observer (Chrono Boost)  
  36  5:35  Probe x2  
  38  5:49  Adept x2  
  42  5:50  Adept  
  42  5:51  Warp Prism (Chrono Boost)  
  42  5:52  Probe x2  
  48  5:59  Pylon  
  48  6:01  Assimilator  
  49  6:04  Probe (Chrono Boost)  
  49  6:07  Probe (Chrono Boost)  
  50  6:13  High Templar x2  
  56  6:19  Probe (Chrono Boost)  
  56  6:21  Probe (Chrono Boost)  
  56  6:22  Pylon  
  56  6:23  Probe (Chrono Boost)  
  56  6:24  Pylon  
  56  6:25  Archon  
  57  6:27  Observer (Chrono Boost)  
  57  6:29  Probe  
  59  6:34  Probe  
  59  6:38  Assimilator  
  60  6:43  Probe  
  60  6:46  Probe  
  62  6:55  Probe  
  63  7:04  High Templar  
  63  7:06  Stalker x2  
  39  7:29  Stalker  
  37  7:30  Stalker  
  38  7:42  Zealot  
  31  7:51  Probe (Chrono Boost)  
  31  7:52  Probe (Chrono Boost)  
  33  8:03  Probe (Chrono Boost)  
  35  8:10  Probe (Chrono Boost)  
  35  8:12  Probe (Chrono Boost)  
  36  8:15  Zealot  
  36  8:16  Probe (Chrono Boost)  
  36  8:18  Probe  
Tags
 
Add a new tag
Caveats
  • Supply blocks, unpowered buildings, or Contaminate may cause inaccurate times.
  • Supply counts are checked every 10 seconds.